[Event "Washington Girls Championship"]
[Site "Chess.com"]
[Date "2021.02.27"]
[Round "3"]
[White "Velea, Anne-Marie"]
[Black "Tien, Sophie"]
[Result "0-1"]
[ECO "C30"]
[WhiteElo "2103"]
[BlackElo "2018"]
[Annotator "Ralph Dubisch"]
[PlyCount "80"]
[EventDate "2021.02.27"]
[EventType "swiss"]
[EventRounds "5"]
[TimeControl "5400+10"]

1. e4 e5 2. Nc3 Nc6 3. Bc4 Nf6 4. d3 Bc5 5. f4 d6 6. Nf3 a6 ({
Another interesting line is} 6... Bg4 7. Na4 Bxf3 8. Qxf3 Nd4 9. Qd1 b5 {
, and now White's only real chance for advantage seems to be the speculative
piece sacrifice} 10. Bxf7+ (10. Nxc5 bxc4 11. fxe5 dxc5 12. exf6 Qxf6 $13)
10... Kxf7 11. Nxc5 dxc5 12. fxe5 Nd7 13. O-O+ {, when White's mobile central
pawn mass and Black's vulnerable king offer compensation.}) 7. h3 $6 ({This
weakens kingside dark squares.} 7. Nd5 Nxd5 8. Bxd5) (7. f5 h6 8. Qe2 {.}) 7...
h6 (7... Be6) 8. Bd2 Be6 9. Bxe6 (9. Bb3) 9... fxe6 $15 10. fxe5 $6 (10. Ne2
O-O 11. c3 {, perhaps.}) 10... dxe5 ({Black could choose some dynamic
sacrificial play, based on the weak kingside dark squares and restricted white
king:} 10... Nh5 $1 11. exd6 O-O $1 {White's troubles are very real, for
example} 12. dxc7 $4 Qh4+ $3 13. Nxh4 Bf2+ 14. Ke2 Ng3# {.}) 11. Ne2 Nh5 12.
Bc3 O-O 13. Qd2 Qd6 14. O-O-O {White now breathes a sigh of relief at having
extricated her king from the center.} Rad8 15. Rhf1 b5 16. g4 Nf4 17. Nxf4 exf4
18. d4 Bb6 19. e5 Qd5 20. b3 a5 21. h4 b4 22. Bb2 a4 23. Qd3 (23. h5 $5 $13)
23... Rd7 (23... a3 24. Ba1 Ne7 25. h5 c5 $15) 24. g5 a3 25. Ba1 hxg5 $6 (25...
Rfd8 $13) 26. hxg5 (26. Nxg5 Rf5 27. Qe2 g6 28. Nf3 $13) 26... Ne7 $6 (26...
Rf5) 27. Rh1 $6 (27. g6 $1 Nf5 (27... Rf5 28. Nh4) 28. Qe2 $14) 27... Nf5 28.
Rh3 (28. g6 $1 $14) 28... Kf7 {Time to promenade.} 29. g6+ Ke8 30. Qd2 $6 (30.
c4 bxc3 31. Bxc3 $13) 30... Ne3 (30... c5 $5) 31. Rdh1 (31. Qxb4 $5) 31... c5
$1 32. Ng5 cxd4 33. Rh8 Bc5 34. Rxf8+ Bxf8 35. Rh8 Qb5 (35... d3 $1) 36. Qd3
Qc6 $6 (36... Qxd3 37. cxd3 Rc7+ 38. Kb1 Rc2 39. Nxe6 (39. Bxd4 Rd2 40. Bxe3
fxe3) 39... Ke7 40. Nxd4 Rg2 41. Rh1 Rxg6 $19) (36... Qxe5 37. Nh7 $2 Ke7 38.
Rxf8 Qh5 39. Rf7+ Kd8 40. Rxd7+ Kxd7 41. Qxd4+ Ke8 $19 {White has literally no
defense to mate, despite the extra piece.}) 37. Qd2 $2 ({Giving up the
blockade of the d-pawn can't be a good idea.} 37. Ne4 {offers White much more
hope:} Nf5 $2 (37... f3 $1 38. Bxd4 f2 $1 39. Nxf2 Nf5 $17) 38. Nd6+ Nxd6 39.
exd6 Qxd6 40. Qe4 {with activity.}) 37... d3 $1 38. Rxf8+ Kxf8 39. Qxb4+ Ke8
40. Qb8+ Rd8 0-1

[Event "SCC Tornado"]
[Site "Chess.com"]
[Date "2021.03.14"]
[Round "3"]
[White "Nicoski, Aaron"]
[Black "Ingram, Richard"]
[Result "1-0"]
[ECO "A47"]
[WhiteElo "1789"]
[BlackElo "1880"]
[Annotator "Ralph Dubisch"]
[PlyCount "151"]
[EventDate "2021.03.14"]
[TimeControl "3600+5"]

1. d4 Nf6 2. Bf4 e6 3.
e3 b6 4. Nf3 Bb7 5. Bd3 Be7 6. h3 O-O 7. O-O c5 8. c3 Nc6 9. Nbd2 d6 10. Qe2
cxd4 11. exd4 Re8 12. Ba6 $6 ({Strategically unfortunate. White has an edge in
space and some kingside chances based on the half-open e-file, and the
light-square bishop has a potential future pressuring the b1-h7 diagonal.
White should not be seeking exchanges in general, and definitely not of this
specific piece.} 12. Rfe1 $14) 12... Bxa6 13. Qxa6 Qd7 14. Rfe1 Rad8 (14... b5
$5 15. Qxb5 Rab8 16. Qd3 Rxb2 17. Nc4 Rbb8) (14... Rac8) 15. Rad1 (15. Qd3 e5
$5) 15... Nd5 16. Bh2 Nc7 17. Qd3 Nd5 18. Nc4 Nf6 19. Rd2 Rc8 20. Ne3 h6 (20...
d5 {at least avoids the isolated pawn issue.}) 21. d5 $1 exd5 22. Nxd5 Nxd5 23.
Qxd5 Rcd8 (23... Na5 $5 {discourages the capture on d6:} 24. Bxd6 $6 (24. Rde2
$14) 24... Bxd6 25. Qxd6 (25. Rxe8+ $2 Qxe8 26. Qxd6 Nc4 $19) 25... Rxe1+ 26.
Nxe1 Qe8 27. Rd1 Nc4 28. Qb4 Qe2 $17 {Black is getting far too much activity.})
({Black may also succeed in holding with a long passive defense.} 23... Bf8 24.
Rxe8 ({or} 24. Red1 Na5) 24... Qxe8 25. Bf4 $14) 24. Red1 Na5 25. Bxd6 $6 ({
If you're going to take d6, then go} 25. b4 {first:} Nc6 (25... Nb7 26. Nd4 $16
) 26. Bxd6 $16 {.}) 25... Bxd6 26. Qxd6 Qxd6 27. Rxd6 Rxd6 28. Rxd6 Kf8 $2 (
28... Nc4 29. Rd7 Nxb2 30. Rxa7 Re2 {...Nd1 or d3 is a threat. Pawns on f2, c3,
and a2 are all weak.}) 29. Rd7 Re7 $2 {Exchanging pieces when down material is
not a good idea.} 30. Rxe7 Kxe7 31. Kf1 Kd6 32. Ke2 Kd5 33. b3 Nc6 34. Kd3 b5
35. Nd2 (35. Nd4) 35... Ne5+ 36. Ke3 Kc5 37. f4 Nc6 38. a3 a5 39. g4 Ne7 40. c4
b4 41. axb4+ $6 (41. Ne4+ Kc6 42. axb4 axb4 43. Kd4 $18) 41... Kxb4 42. Kd3 Nc8
$6 (42... Nc6 $14) 43. Kd4 $16 a4 $2 44. bxa4 Kxa4 45. Kc5 Ka5 46. Kc6 Ne7+ 47.
Kd7 Ng6 48. c5 (48. f5 Ne5+ 49. Kd6 f6 50. c5) 48... Nxf4 49. c6 Nd5 50. c7 (
50. Kd6) 50... Kb5 51. c8=Q Nb6+ 52. Kc7 (52. Ke8 $1 Nxc8 53. Kxf7 $18) 52...
Nxc8 53. Kxc8 Kc6 54. Kd8 Kd6 55. Ke8 Ke6 56. Nf1 $2 (56. Kf8 $1 Kf6 (56... g6
57. Kg7 h5 (57... f5 58. Kxg6) 58. g5 Kf5 59. Nf3) 57. Nf3 g6 58. h4 $18) 56...
g6 $2 (56... f5 $1 57. Kf8 (57. gxf5+ Kxf5 58. Kf7 Kg5 59. Kxg7 Kh4) 57... fxg4
58. hxg4 Kf6 59. Nh2 Kg5 60. Kxg7 h5) 57. Kf8 f5 58. Kg7 h5 59. gxh5 (59. g5)
59... gxh5 60. Kg6 f4 61. Kxh5 f3 62. Kg4 f2 63. Kf3 Kf5 64. Kxf2 Kg5 65. Kg3
Kh5 66. h4 Kh6 67. Kg4 Kg6 68. h5+ Kh6 69. Ng3 Kg7 70. Kg5 Kh7 71. h6 Kg8 72.
Kg6 Kh8 73. Ne4 Kg8 74. Ng5 Kh8 75. Nf7+ Kg8 76. h7+ 1-0

[Event "SCC Tornado"]
[Site "Chess.com"]
[Date "2021.03.14"]
[Round "3"]
[White "Perez, Ignacio"]
[Black "Aleksandrov, Aleksej"]
[Result "1/2-1/2"]
[ECO "C99"]
[WhiteElo "2224"]
[BlackElo "2708"]
[Annotator "Ralph Dubisch"]
[PlyCount "83"]
[EventDate "2021.03.14"]
[TimeControl "3600+5"]

1. e4 e5 2. Nf3 Nc6 3. Bb5 a6 4. Ba4 Nf6 5. O-O Be7 6. Re1
b5 7. Bb3 d6 8. c3 O-O 9. h3 Na5 10. Bc2 c5 11. d4 Qc7 12. Nbd2 cxd4 13. cxd4
Rd8 14. d5 Bd7 15. Nf1 Rdc8 16. Bd3 Bd8 (16... Nb7 17. Ng3 Nc5 18. Bf1 {
is "book" here, as far as I know. Instead, Black begins a queenside piece
migration that leaves the kingside just a tad lonely.}) 17. Ng3 Qa7 18. Qe2 Bb6
19. Bg5 Ne8 20. b3 f6 21. Bd2 Nb7 22. Rad1 (22. a4 $5 {A suggestion by the
Stockfish engine. If White can play a4-a5, kicking the bishop, followed by Be3,
things start to get quite uncomfortable for Black.} bxa4 23. bxa4 a5 24. Bb5
Bxb5 25. axb5 $14) 22... Nc5 23. Bb1 a5 24. Nh4 g6 25. Kh1 b4 26. f4 exf4 $2 (
26... a4 $13) 27. Bxf4 a4 28. Nh5 $5 (28. Nhf5 $5) (28. Qf3 axb3 29. axb3 $16)
28... axb3 29. axb3 Nxb3 30. e5 dxe5 31. Nxg6 hxg6 32. Bxg6 Nd4 33. Qe4 exf4
34. Bh7+ $2 ({Best:} 34. Bf7+ $3 Kxf7 35. Qh7+ Kf8 36. Re7 Be6 37. dxe6 Qxe7
38. Qh8#) ({Also} 34. Qxf4 $18 {continues the attack.}) 34... Kh8 35. Qxf4 Bg4
36. hxg4 Qxh7 37. Rxe8+ Rxe8 38. Qxf6+ Kg8 39. Qg5+ Kh8 40. Qf6+ Kg8 41. Qg5+
Kh8 42. Qf6+ {Game drawn by repetition} 1/2-1/2